 Dungeon Crawl Stone Soup version 0.30-a0-862-g1aabd4f9c5 (webtiles) character file.

Game seed: 14815793149955019612

247 FexLirch the Covert (level 5, -1/25 HPs)
             Began as a Spriggan Brigand on Mar 9, 2023.
             Slain by a mummy (13 damage)
             ... in an ossuary.
             The game lasted 00:05:47 (1447 turns).

FexLirch the Covert (Spriggan Brigand)              Turns: 1447, Time: 00:05:48

Health: -1/25      AC:  3    Str:  7    XL:     5   Next: 85%
Magic:  6/6        EV: 16    Int: 12    God:
Gold:   80         SH:  0    Dex: 19    Spells: 4/4 levels left

rFire   . . .      SeeInvis +    o - +1 short sword (drain)
rCold   + . .      Faith    .    (no shield)
rNeg    . . .      Spirit   .    b - +0 robe
rPois   .          Reflect  .    (helmet restricted)
rElec   .          Rampage  .    c - +0 cloak
rCorr   .                        (gloves unavailable)
Will    .....                    (boots unavailable)
Stlth   ++++                     (no amulet)
HPRegen 0.24/turn                f - ring of protection from cold
MPRegen 0.10/turn                (no ring)

@: very quick
A: very small, no large weapons, unfitting armour, see invisible, speed 3
a: no special abilities


You were in an ossuary.
You visited 1 branch of the dungeon, and saw 4 of its levels.
You also visited: Ossuary.

You collected 80 gold pieces.

Inventory:

Hand Weapons
 a - a +2 dagger
 l - a +0 short sword
 o - a +1 short sword of draining (weapon)
Missiles
 d - 9 poisoned darts (quivered)
 e - 3 curare-tipped darts
 i - 28 stones
Armour
 b - a +0 robe (worn)
 c - a +0 cloak (worn)
Jewellery
 f - a ring of protection from cold (left hand)
Scrolls
 h - a scroll of fear
 j - a scroll of enchant weapon {unknown}
 m - 2 scrolls of teleportation
Potions
 g - a potion of curing
 k - a potion of haste
 p - a potion of brilliance


   Skills:
 - Level 1.5 Fighting
 + Level 5.0 Short Blades
 - Level 2.0 Throwing
 - Level 1.3 Dodging
 + Level 8.8 Stealth


You had 4 spell levels left.
You didn't know any spells.
Your spell library contained the following spells:

 Spells                   Type           Power      Damage    Failure   Level
 Apportation              Tloc           0%         N/A       32%         1
 Alistair's Intoxication  Tmut/Pois      0%         N/A       100%        5


Dungeon Overview and Level Annotations

Branches:
Dungeon (4/15)            Ossuary (1/1)
 Temple: D:4-7

Altars:

Shops:
D:1 =

Annotations:
D:4 1 transporter


Innate Abilities, Weirdness & Mutations

You are very small and have problems with some larger weapons.
You are too small for most types of armour.
You have supernaturally acute eyesight. (SInv)
You cover ground extremely quickly. (Speed+++)


Message History

You hit the gnoll zombie.
The gnoll zombie is almost destroyed.
The gnoll zombie barely misses you.
You puncture the gnoll zombie!
You destroy the gnoll zombie!
You hit the kobold zombie.
The kobold zombie is heavily damaged.
You hit the kobold zombie.
The kobold zombie is almost destroyed.
The kobold zombie completely misses you.
You completely miss the kobold zombie.
The kobold zombie is almost destroyed.
You hit the kobold zombie.
You destroy the kobold zombie!
You hit the mummy.
The mummy is lightly damaged.
You hit the mummy.
The mummy is moderately damaged.
The mummy hits you!
You are too injured to fight recklessly!
You are too injured to fight recklessly!
You hit the mummy but do no damage.
The mummy is moderately damaged.
You hit the mummy.
The mummy is moderately damaged.
You hit the mummy but do no damage.
The mummy is moderately damaged.
The mummy barely misses you.
You hit the mummy.
The mummy is heavily damaged.
You hit the mummy but do no damage.
The mummy is heavily damaged.
The mummy hits you.
You hit the mummy.
The mummy is heavily damaged.
You hit the mummy.
The mummy is severely damaged.
The mummy hits you!
Ouch! That really hurt!
You die...

......MM......
Z............
...........
........#
......# #....#
#....# #MZ..#
#@...# #....#
#....# #....#
#....# #.∩∩.#
######


You could see a mummy and an orc zombie.

Vanquished Creatures
  A scorpion (D:4)
  A crimson imp (D:4)
  A jelly (D:4)
  A mummy (Ossuary)
  3 adders (D:2)
  A white imp (D:4)
  10 dart slugs
  5 endoplasms
  7 giant cockroaches
  2 gnoll zombies (Ossuary)
  4 goblins
  3 hobgoblins
  2 jackals (D:3)
  3 kobolds
  A quokka (D:3)
  A ball python (D:1)
  2 bats
  4 frilled lizards
  A hobgoblin zombie (Ossuary)
  3 kobold zombies (Ossuary)
  2 rats (D:1)
58 creatures vanquished.

Notes
Turn   | Place    | Note
-------+----------+-------------------------------------------
     0 | D:1      | FexLirch the Spriggan Brigand began the quest for the Orb.
     0 | D:1      | Reached XP level 1. HP: 10/10 MP: 2/2
    51 | D:1      | Reached skill level 6 in Stealth
   175 | D:1      | Reached XP level 2. HP: 14/14 MP: 3/3
   511 | D:1      | Found Gofryil's One-of-a-Kind Rings.
   577 | D:2      | Reached XP level 3. HP: 18/18 MP: 4/4
   767 | D:2      | Reached skill level 7 in Stealth
   919 | D:3      | Reached XP level 4. HP: 21/22 MP: 5/5
  1041 | D:4      | Noticed a scorpion
  1054 | D:4      | Killed a scorpion
  1055 | D:4      | Reached skill level 8 in Stealth
  1055 | D:4      | Reached XP level 5. HP: 4/25 MP: 6/6
  1188 | D:4      | Found a transporter.
  1318 | D:4      | Found a sand-covered staircase.
  1337 | Ossuary  | Entered an ossuary
  1413 | Ossuary  | Reached skill level 5 in Short Blades
  1447 | Ossuary  | Slain by a mummy

Illustrated notes

Levels and vault maps discovered:
D:1:      dpeg_arrival_chambers_temple_mockup, layout_loops_ring,
          nicolae_shop_unique_rings
D:2:      layout_loops_ring, chequers_serial_rivers_large_a,
          hangedman_decor_growths
D:3:      kennysheep_slugbush, layout_loops_ring,
          ebering_ecumenical_altar_abandoned, nicolae_underground_beach
D:4:      gammafunk_wand_slinger, layout_basic, minmay_temple_entry_large_hall,
          chequers_ossuary_entry_cave, serial_park_tiny_pond,
          minmay_fire_ice_demons
Ossuary:  ossuary_tomb_3

Skill      XL: |  1  2  3  4  5 |
---------------+----------------+-----
Stealth        | 6 7 8 |  8.8
Short Blades   | 3 4 5 |  5.0
Fighting       | |  1.5
Throwing       | |  2.0
Dodging        | |  1.3

Action                     |  1- 3 |  4- 6 || total
---------------------------+-------+-------++-------
  Melee: Dagger            |    65 |       ||    65
         Short sword       |    48 |    86 ||   134
    Use: Potion            |       |     3 ||     3
         Scroll            |       |     3 ||     3
   Stab: Sleeping          |    15 |     8 ||    23
         Distracted        |       |     1 ||     1
 Armour: Robe              |    11 |     2 ||    13
  Dodge: Dodged            |    62 |    28 ||    90

Table legend: (Time is in decaauts)
 A = Elapsed time spent in this place.
 B = Non-inter-level travel time spent in this place.
 C = Inter-level travel time spent in this place.
 D = Time resting spent in this place.
 E = Time spent auto-exploring this place.
 F = Levels seen in this place.
 G = Mean time per level.
                   A        B        C        D        E       F      G
               +--------+--------+--------+--------+--------+-----+--------+
         Total |    987 |    947 |     40 |     36 |    434 |   5 |  197.4 |
       Dungeon |    902 |    862 |     40 |     36 |    434 |   4 |  225.5 |
       Ossuary |     84 |     84 |      0 |      0 |      0 |   1 |   84.0 |
               +--------+--------+--------+--------+--------+-----+--------+

Top non-repeatable levels by time:
     D:1: 373 daAuts
     D:2: 208 daAuts
     D:4: 193 daAuts
     D:3: 127 daAuts
 Ossuary: 84 daAuts
